 Dungeon Crawl Stone Soup version 0.31.0-11-ge490571c62 (webtiles) character file.

Game seed: 1420335947103529462

1546 Rayvis the Cleaver (level 8, -3/109 HPs)
             Began as a Minotaur Fighter on Jan 31, 2024.
             Was an Initiate of Makhleb.
             Slain by a bullfrog (4 damage)
             ... on level 6 of the Dungeon.
             The game lasted 00:06:33 (4849 turns).

Rayvis the Cleaver (Minotaur Fighter)               Turns: 4849, Time: 00:06:33

Health: -3/109     AC: 24    Str: 24    XL:     8   Next: 57%
Magic:  7/7        EV:  2    Int:  5    God:    Makhleb [......]
Gold:   656        SH:  4    Dex:  9    Spells: 7/7 levels left

rFire   . . .        a - +1 war axe (heavy)
rCold   . . .        c - +0 buckler
rNeg    . . .        b - melded +0 scale mail
rPois   +            (helmet currently unavailable)
rElec   .            (cloak currently unavailable)
rCorr   .            (gloves currently unavailable)
SInv    .            (boots currently unavailable)
Will    .....        (no amulet)
Stlth   +            k - +4 ring of slaying
HPRegen 0.38/turn    r - ring of poison resistance
MPRegen 0.10/turn

%: no passive effects
@: tree-form, invisible
A: stationary, stasis, torment immunity, boosted hp, (horns 2), (retaliatory
headbutt)
a: Renounce Religion


You were on level 6 of the Dungeon.
You worshipped Makhleb.
Makhleb was noncommittal.
You were a tree.
You visited 2 branches of the dungeon, and saw 7 of its levels.

You collected 692 gold pieces.
You spent 36 gold pieces at shops.

Inventory:

Hand Weapons
 a - a +1 heavy war axe (weapon)
Missiles
 p - 2 throwing nets (quivered)
Armour
 b - a +0 scale mail (melded)
 c - a +0 buckler (worn)
Jewellery
 k - a +4 ring of slaying (left branch)
 r - a ring of poison resistance (right branch)
Wands
 s - a wand of acid (7)
Potions
 d - 2 potions of might
 e - a potion of berserk rage {unknown}
 g - a potion of attraction
 h - a potion of haste {unknown}
 i - a potion of heal wounds {unknown}
 j - 3 potions of curing
 l - a potion of brilliance {unknown}
 m - a potion of enlightenment {unknown}
 o - a potion of cancellation {unknown}
 q - a potion of lignification


   Skills:
 + Level 7.3 Fighting
 * Level 9.5 Axes
 + Level 7.4 Armour
 - Level 3.6 Shields


You had 7 spell levels left.
You didn't know any spells.
Your spell library contained the following spells:

 Spells                   Type           Power      Damage    Failure   Level
 Hailstorm                Conj/Ice       0%         3d5       88%         3
 Summon Ice Beast         Ice/Summ       0%         N/A       88%         3
 Sculpt Simulacrum        Ice/Alch       0%         N/A       100%        6


Dungeon Overview and Level Annotations

Branches:
Dungeon (6/15)             Temple (1/1) D:5

Altars:
Ashenzari
Dithmenos
Fedhas
Gozag
Hepliaklqana
Makhleb
Okawaru
Qazlal
Trog
Uskayaw
Vehumet
Xom
Yredelemnul

Shops:
D:2 !


Innate Abilities, Weirdness & Mutations

You are a tree.
Your roots penetrate the ground, keeping you stationary.
You cannot be teleported.
You are immune to unholy pain and torment.
Your maximum health is greatly increased.
Your equipment is partially melded.
((You have a pair of horns on your head.))
((You reflexively headbutt those who attack you in melee.))


Message History

The bullfrog hits you. You block the wight's attack.
The wight hits you but does no damage. The bullfrog hits you.
The gnoll hits you with a +0 whip. The wight barely misses you.
You furiously retaliate!
You headbutt the wight. The wight closely misses you.
As you read the scroll of teleportation, it crumbles to dust.
You feel strangely unstable. The bullfrog completely misses you.
The gnoll closely misses you. The wight closely misses you.
You furiously retaliate!
You headbutt the wight!
You destroy the wight!
Makhleb accepts your kill. The wight hits you with a +2 falchion!
Unknown command.
The bullfrog attacks as it pursues you! The bullfrog hits you.
* * * LOW HITPOINT WARNING * * *
You block the bullfrog's attack.
Your surroundings suddenly seem different.
Found an escape hatch in the floor.
The gnoll hits you from afar with a +0 spear.
* * * LOW HITPOINT WARNING * * *
The gnoll misses you. The gnoll attacks as it pursues you!
The gnoll hits you with a +0 flail.
* * * LOW HITPOINT WARNING * * *
The gnoll attacks as it pursues you! The gnoll barely misses you.
The gnoll attacks as it pursues you! The gnoll hits you with a +0 flail.
* * * LOW HITPOINT WARNING * * *
The gnoll attacks as it pursues you! The gnoll hits you with a +0 flail!
* * * LOW HITPOINT WARNING * * *
The bullfrog hits you.
* * * LOW HITPOINT WARNING * * *
It was a potion of lignification.
You turn into a tree.
Your +0 scale mail melds into your body.
Your roots penetrate the ground.
The bullfrog hits you but does no damage.
The gnoll hits you but does no damage. x2
The bullfrog hits you but does no damage.
You fade into invisibility!
The gnoll hits you but does no damage. The gnoll hits you with a +0 flail.
* * * LOW HITPOINT WARNING * * *
The bullfrog hits you.
You die...

#....## #.# ##...#
..# #..)))####.#
#...#.......#
#..##......## ##
#..#
#..zgz..####...
.).#
#....g......... ...
#.....Fgl.#### <.
.........♣.##
.......#....#
............>..#
.................
...................
#...........####
#.........##
.........##


You could see a bullfrog (unable to see you), an iguana (unable to see you), 2
wights and 3 gnolls.

Vanquished Creatures
  A wyvern (D:4)
  A water moccasin (D:5)
  A black bear (D:4)
  An ice beast (D:5)
  An ogre (D:5)
  2 centaurs (D:5)
  3 scorpions
  3 wights (D:6)
  A howler monkey (D:6)
  3 hounds (D:4)
  2 bombardier beetles
  A jelly (D:5)
  A sleepcap (D:5)
  Jessica (D:3)
  An iguana (D:5)
  Natasha (twice) (D:2)
  5 gnolls
  5 adders
  4 dart slugs
  4 ribbon worms
  6 orcs
  4 bats
  6 endoplasms
  4 giant cockroaches
  4 goblins
  8 hobgoblins
  5 jackals
  10 kobolds
  5 ball pythons
  3 frilled lizards
  8 rats
106 creatures vanquished.

Notes
Turn   | Place    | Note
-------+----------+-------------------------------------------
     0 | D:1      | Rayvis the Minotaur Fighter began the quest for the Orb.
     0 | D:1      | Reached XP level 1. HP: 19/19 MP: 0/0
   185 | D:1      | Reached XP level 2. HP: 27/27 MP: 1/1
   249 | D:1      | Reached skill level 3 in Axes
   868 | D:2      | Reached XP level 3. HP: 31/33 MP: 2/2
   976 | D:2      | Reached skill level 4 in Axes
  1049 | D:2      | Reached XP level 4. HP: 40/40 MP: 3/3
  1365 | D:2      | Found Muzoo's Distillery.
  1484 | D:2      | Bought a potion of curing for 36 gold pieces
  1586 | D:2      | Noticed Natasha
  1593 | D:2      | Killed Natasha
  1678 | D:2      | Noticed Natasha
  1681 | D:2      | Killed Natasha
  1682 | D:2      | Reached XP level 5. HP: 47/47 MP: 4/4
  2416 | D:3      | Reached skill level 5 in Axes
  2619 | D:3      | Noticed Jessica
  2630 | D:3      | Killed Jessica
  2631 | D:3      | Reached skill level 5 in Armour
  2814 | D:3      | Found a faded altar of an unknown god.
  3102 | D:4      | Reached skill level 5 in Fighting
  3102 | D:4      | Reached XP level 6. HP: 55/56 MP: 5/5
  3146 | D:4      | Reached skill level 6 in Axes
  3369 | D:4      | Found a radiant altar of Vehumet.
  3437 | D:4      | Reached XP level 7. HP: 55/62 MP: 6/6
  3522 | D:4      | Noticed a wyvern
  3530 | D:4      | Killed a wyvern
  3531 | D:4      | Reached skill level 7 in Axes
  3842 | D:4      | Identified a scroll of acquirement
  3842 | D:4      | Acquired 422 gold pieces
  3871 | D:5      | Entered Level 5 of the Dungeon
  3924 | D:5      | Found a hide-covered altar of Uskayaw.
  4096 | D:5      | Reached skill level 8 in Axes
  4204 | D:5      | Found a hazy altar of Hepliaklqana.
  4208 | D:5      | Reached XP level 8. HP: 57/71 MP: 7/7
  4335 | D:5      | Reached skill level 9 in Axes
  4526 | D:5      | Found a staircase to the Ecumenical Temple.
  4605 | Temple   | Entered the Ecumenical Temple
  4612 | Temple   | Became a worshipper of Makhleb the Destroyer
  4847 | D:6      | HP: 3/73 [bullfrog (1)]
  4849 | D:6      | HP: 1/109 [gnoll/+0 flail (4)]
  4849 | D:6      | Slain by a bullfrog

Illustrated notes

Levels and vault maps discovered:
D:1:      amcnicky_arrival_blooded_trapdoor, layout_basic, bh_walls_and_bars
D:2:      layout_loops_ring, serial_shops, nicolae_shop_statue_plus,
          uniq_natasha
D:3:      layout_rooms, dilly_ecumenical_altar_fadedgnrine,
          kennysheep_another_room, uniq_jessica
D:4:      layout_basic, mainiacjoe_overflow_boulevard
D:5:      layout_loops_cross, nicolae_uskayaw_dance_hall,
          nicolae_hepliaklqana_hazy_memory, minmay_temple_entry_junction
D:6:      layout_layer_cave
Temple:   nicolae_temple_ecumenical_triangle

Skill      XL: |  1  2  3  4  5  6  7  8 |
---------------+-------------------------+-----
Axes           | 3 4 5 6 8 9 |  9.5
Armour         | 4 5 6 7 |  7.4
Fighting       | 4 5 6 7 |  7.3
Shields        | |  3.6

Action                     |  1- 3 |  4- 6 |  7- 9 || total
---------------------------+-------+-------+-------++-------
  Melee: War axe           |    61 |    91 |    53 ||   205
         Headbutt          |     6 |    11 |     4 ||    21
    Use: Scroll            |     3 |     3 |     4 ||    10
         Potion            |       |       |     2 ||     2
 Armour: Scale mail        |    51 |    53 |    67 ||   171
         Skin              |       |       |     7 ||     7
  Dodge: Dodged            |    36 |    43 |    39 ||   118
  Block: Buckler           |    10 |    17 |    21 ||    48
